 Dungeon Crawl Stone Soup version 0.27.1-1-g398f81649c (webtiles) character file.

Game seed: 11517911943904246051

34929 nxtlvl the Martial Artist (level 13, -1/78 HPs)
             Began as a Tengu Monk on Sept 20, 2021.
             Was a Follower of Uskayaw.
             Slain by an orc knight (15 damage)
             ... on level 2 of the Orcish Mines.
             The game lasted 01:45:06 (7509 turns).

nxtlvl the Martial Artist (Tengu Monk)              Turns: 7509, Time: 01:45:06

Health: -1/78      AC: 11    Str: 11    XL:     13   Next: 80%
Magic:  20/20      EV: 15    Int: 21    God:    Uskayaw [*.....]
Gold:   868        SH:  0    Dex: 16    Spells: 12/19 levels left

rFire    + . .     SeeInvis .     - Unarmed
rCold    . . .     Faith    .   (no shield)
rNeg     + . .     Spirit   .   F - +3 scale mail of Joy {rPois Int+4}
rPois    +         Reflect  .   (helmet restricted)
rElec    .         Harm     .   d - +0 cloak
rCorr    .         Rampage  .   a - +0 pair of gloves
Will     .....                  (boots unavailable)
Stlth    +.........             z - amulet of regeneration
HPRegen  1.23/turn              p - ring of positive energy
MPRegen  0.17/turn              o - ring of protection from fire

@: flying quickly and evasively, quick
A: beak, talons 3, nimble flight
a: Renounce Religion, Stomp


You were on level 2 of the Orcish Mines.
You worshipped Uskayaw.
Uskayaw was aware of your devotion.
You visited 4 branches of the dungeon, and saw 19 of its levels.
You also visited: Ossuary.

You collected 1437 gold pieces.
You spent 569 gold pieces at shops.

Inventory:

Hand Weapons
 b - a +0 shortbow
Missiles
 m - 315 arrows
 x - 7 poisoned darts (quivered)
 H - 2 throwing nets
 J - 2 boomerangs of dispersal
 N - 125 bolts
Armour
 a - a +0 pair of gloves (worn)
 c - a +0 troll leather armour
 d - a +0 cloak (worn)
 C - +0 steam dragon scales
 F - the +3 scale mail of Joy (worn) {rPois Int+4}
   (You found it on level 1 of the Lair of Beasts)

   Int:       It affects your intelligence (+4).
   rPois:     It protects you from poison.
Magical Staves
 O - a staff of death
 X - a staff of cold
Jewellery
 l - a ring of ice
 o - a ring of protection from fire (right hand)
 p - a ring of positive energy (left hand)
 z - an amulet of regeneration (around neck)
 P - a ring of resist corrosion
Wands
 j - a wand of flame (23)
 n - a wand of iceblast (1)
 v - a wand of paralysis (3)
 G - a wand of mindburst (6)
 L - a wand of digging (12)
Scrolls
 e - 2 scrolls of fog
 k - 4 scrolls of amnesia
 r - a scroll of summoning {unknown}
 t - 2 scrolls of teleportation
 u - 2 scrolls of magic mapping {unknown}
 y - 2 scrolls of enchant weapon {unknown}
 D - a scroll of silence {unknown}
 I - 2 scrolls of immolation {unknown}
 M - a scroll of holy word {unknown}
 R - 2 scrolls of vulnerability {unknown}
 T - a scroll of acquirement {unknown}
 V - a scroll of fear {unknown}
 W - a scroll of brand weapon {unknown}
 Y - 3 scrolls of blinking
Potions
 g - a potion of heal wounds
 h - a potion of curing
 i - 2 potions of brilliance
 q - a potion of resistance
 s - 4 potions of lignification {unknown}
 w - 4 potions of degeneration {unknown}
 A - a potion of invisibility
 B - 3 potions of haste
 K - a potion of ambrosia {unknown}
 Q - 2 potions of attraction {unknown}
 S - a potion of mutation {unknown}
 U - a potion of might {unknown}
 Z - a potion of magic {unknown}


   Skills:
 - Level 8.0 Fighting
 + Level 10.6 Dodging
 - Level 2.0 Stealth
 * Level 14.6 Unarmed Combat
 + Level 3.9 Spellcasting
 * Level 10.1 Conjurations
 * Level 10.2 Air Magic
 + Level 8.4 Invocations


You had 12 spell levels left.
You knew the following spells:

 Your Spells              Type           Power      Damage    Failure   Level
x - Static Discharge      Conj/Air       46%        N/A       1%          2
z - Lightning Bolt        Conj/Air       23%        1d38      32%         5

Your spell library contained the following spells:

 Spells                   Type           Power      Damage    Failure   Level
 Stone Arrow              Conj/Erth      50%        3d10      28%         3
 Gell's Gravitas          Tloc           2%         N/A       93%         3
 Inner Flame              Hex/Fire       4%         N/A       93%         3
 Teleport Other           Tloc           4%         N/A       93%         3
 Bolt of Magma            Conj/Fire/Erth 9%         4d7       99%         5
 Cause Fear               Hex            2%         N/A       100%        4
 Dispersal                Tloc           2%         N/A       100%        6
 Discord                  Hex            2%         N/A       100%        8
 Maxwell's Capacitive Co  Air            23%        ∞         100%        8
 Shatter                  Erth           2%         3d6*      100%        9


Dungeon Overview and Level Annotations

Branches:
Dungeon (10/15)            Temple (1/1) D:4            Lair (6/6) D:10
  Swamp (0/4) Lair:2        Snake (0/4) Lair:4          Orc (2/2) D:10
Ossuary (visited)
  Slime: Lair:5-6       Elf: Orc:2

Altars:
Ashenzari
Cheibriados
Dithmenos
Elyvilon
Fedhas
Gozag
Hepliaklqana
Kikubaaqudgha
Makhleb
Nemelex Xobeh
Okawaru
Qazlal
Ru
Sif Muna
Trog
Uskayaw
Vehumet
Wu Jian
Xom
Yredelemnul
Zin
The Shining One
Beogh

Shops:
D:4 =   D:5 *   D:8 ?   D:9 :

Annotations:
Lair:3 3 runed translucent doors, VictoriousLee's ghost, journeyman BaFi


Innate Abilities, Weirdness & Mutations

You have a beak for a mouth.
You have claws for feet.
Your magical nature lets you fly swiftly and evasively.


Message History

The orc knight barely misses you.
You hit the orc knight but do no damage.
Your kick misses the orc knight.
You punch the orc knight, but do no damage.
You hit the orc knight but do no damage.
Your kick misses the orc knight. The orc knight closely misses you.
You punch the orc knight!
The orc knight is lightly wounded.
The orc knight barely misses you.
You closely miss the orc knight.
You claw the orc knight, but do no damage.
You punch the orc knight, but do no damage.
The orc knight is lightly wounded.
You punch the orc knight! You claw the orc knight!
The orc knight is heavily wounded.
The orc knight hits you with a +2 great mace of venom!
Items here: ) [ ††.
Aiming: Mindburst
Press: ? - help, Shift-Dir - straight line, f/p - orc knight
Aim: an orc knight, wielding a +2 great mace of venom and wearing a +0 plate armour (moderately wounded, chance to affect: 48%)
The orc knight resists with some effort.
You closely miss the orc knight.
You claw the orc knight, but do no damage.
You peck the orc knight, but do no damage.
You punch the orc knight.
The orc knight is moderately wounded.
You barely miss the orc knight.
The orc knight is moderately wounded.
The orc knight hits you with a +2 great mace of venom!
You punch the orc knight!
The orc knight is heavily wounded.
The orc knight hits you with a +2 great mace of venom!!
* * * LOW HITPOINT WARNING * * *
You are lethally poisoned!
* * * LOW HITPOINT WARNING * * *
You feel extremely sick.
Unknown command.
You feel better.
The orc knight hits you with a +2 great mace of venom!
You die...

.................#....#..#####...
................#.....#.## #....
.........................## #####
..........................#### #
......#.............#'##..##≈####
....................#.)#..##'##.'
....................#))#..#....##
....................#..#.##....)#
.....#####......@...#.8#.##..†.))
....##...##.....o...####.##...##)
....#)....#...#..........###..###
....').8..#.#.##.##..#.### ######
....#)....#...).##...# # ##....
....##...##......##.## #.....
.....#####.....[##### ##....
................#.## ##...)
...................# #.....


You could see an orc knight.

Vanquished Creatures
  4 hydras
  A rakshasa (D:10)
  A centaur warrior (D:10)
  2 two-headed ogres
  Nergalle (Lair:3)
  A bog body (Lair:2)
  3 black mambas
  A torpor snail (Lair:4)
  9 cane toads
  4 komodo dragons
  Psyche (D:10)
  11 rime drakes
  A polar bear (Lair:5)
  4 trolls
  3 hornets (D:9)
  3 slime creatures (D:10)
  Prince Ribbit (D:8)
  6 blink frogs
  6 dream sheep (Lair:5)
  Sigmund (D:6)
  13 wyverns
  5 basilisks
  2 steam dragons (D:8)
  20 yaks
  2 nagas (Lair:4)
  A warg (Orc:2)
  An ice beast (D:7)
  5 water moccasins
  5 black bears
  10 orc warriors
  A sky beast (D:8)
  2 necrophages (D:8)
  11 wolves
  7 centaurs
  5 ogres
  A kobold brigand (D:8)
  A gnoll sergeant (D:9)
  2 wyvern zombies (D:8)
  10 bullfrogs
  13 scorpions
  4 wights (D:8)
  4 electric eels (D:10)
  3 howler monkeys (D:8)
  A bullfrog zombie (D:7)
  A gnoll shaman (D:6)
  14 centaur zombies
  5 hounds
  A bullfrog skeleton (D:5)
  13 orc priests
  A centaur skeleton (D:4)
  8 hell rats
  16 orc wizards
  Ijyb (D:5)
  7 scorpion zombies (Ossuary)
  3 mummies (Ossuary)
  Robin (D:3)
  10 gnolls
  5 adders
  2 white imps
  An ufetubus (D:5)
  2 adder skeletons (D:5)
  A worm (D:3)
  A dart slug (D:5)
  73 orcs
  A bat (D:2)
  2 giant cockroaches
  12 goblins
  A hobgoblin (D:2)
  10 jackals
  3 quokkas
  A ball python (D:2)
  A gnoll zombie (Ossuary)
  3 goblin zombies (Ossuary)
  2 hobgoblin zombies (Ossuary)
  3 kobolds
  4 kobold zombies (Ossuary)
  An orc zombie (Ossuary)
  A quokka zombie (D:7)
  A rat zombie (D:7)
405 creatures vanquished.

Vanquished Creatures (others)
  15 fungi
  14 plants
29 creatures vanquished.

Grand Total: 434 creatures vanquished

Notes
Turn   | Place    | Note
-------+----------+-------------------------------------------
     0 | D:1      | nxtlvl the Tengu Monk began the quest for the Orb.
     0 | D:1      | Reached XP level 1. HP: 14/14 MP: 2/2
    69 | D:2      | Reached XP level 2. HP: 18/19 MP: 3/3
   107 | D:2      | Reached skill level 4 in Unarmed Combat
   276 | D:4      | Reached XP level 3. HP: 23/23 MP: 4/4
   284 | D:4      | Found a staircase to the Ecumenical Temple.
   290 | Temple   | Entered the Ecumenical Temple
   331 | Temple   | Became a worshipper of Uskayaw the Reveller
   331 | Temple   | Reached * piety under Uskayaw
   415 | D:4      | Reached ** piety under Uskayaw
   417 | D:4      | Reached skill level 5 in Unarmed Combat
   456 | D:3      | Reached XP level 4. HP: 25/28 MP: 5/5
   457 | D:3      | Reached *** piety under Uskayaw
   517 | D:4      | Reached skill level 6 in Unarmed Combat
   517 | D:4      | Gained mutation: Your magical nature lets you fly swiftly
                  | and evasively. [Tengu growth]
   517 | D:4      | Reached XP level 5. HP: 32/32 MP: 6/6
   546 | D:4      | Found Nuohup's Jewellery Emporium.
   578 | D:3      | Noticed Robin
   600 | D:3      | Killed Robin
   606 | D:3      | Reached **** piety under Uskayaw
   636 | D:5      | Entered Level 5 of the Dungeon
   638 | D:5      | Noticed a black bear
   644 | D:5      | Killed a black bear
   645 | D:5      | Reached skill level 1 in Invocations
   645 | D:5      | Reached XP level 6. HP: 14/37 MP: 7/7
   696 | D:5      | Noticed a water moccasin
   803 | D:5      | Noticed Ijyb
   811 | D:5      | Killed Ijyb
   953 | D:5      | Reached skill level 7 in Unarmed Combat
   953 | D:5      | Reached XP level 7. HP: 39/42 MP: 9/9
  1170 | D:6      | Noticed Sigmund
  1254 | D:6      | Killed Sigmund
  1370 | D:6      | Reached skill level 8 in Unarmed Combat
  1370 | D:6      | Reached XP level 8. HP: 26/48 MP: 9/11
  1471 | D:6      | Reached skill level 5 in Dodging
  1593 | D:5      | Found Josyr's General Store.
  1606 | D:5      | Bought a +0 cloak for 58 gold pieces
  1910 | D:7      | Reached skill level 5 in Fighting
  1952 | D:7      | Reached skill level 9 in Unarmed Combat
  2052 | D:7      | Found a sand-covered staircase.
  2075 | Ossuary  | Entered an ossuary
  2121 | Ossuary  | Reached XP level 9. HP: 53/54 MP: 10/12
  2436 | Ossuary  | Reached skill level 10 in Unarmed Combat
  2560 | D:8      | Found Moukongi's Magic Scroll Shoppe.
  2591 | D:8      | Bought a scroll of noise for 11 gold pieces
  2591 | D:8      | Bought a scroll of identify for 22 gold pieces
  2593 | D:8      | Bought a scroll of blinking for 82 gold pieces
  2600 | D:8      | Noticed Prince Ribbit
  2604 | D:8      | Noticed a two-headed ogre
  2619 | D:8      | Killed Prince Ribbit
  2624 | D:8      | Killed a two-headed ogre
  2625 | D:8      | Reached skill level 5 in Invocations
  2625 | D:8      | Reached XP level 10. HP: 42/61 MP: 11/14
  2789 | D:8      | Reached skill level 11 in Unarmed Combat
  2967 | D:8      | Reached ***** piety under Uskayaw
  3357 | D:9      | Reached skill level 12 in Unarmed Combat
  3404 | D:9      | Noticed a cyan ugly thing
  3554 | D:9      | Reached XP level 11. HP: 43/68 MP: 16/16
  3567 | D:9      | Reached ****** piety under Uskayaw
  3668 | D:9      | Found a blossoming altar of Fedhas.
  3842 | D:10     | Entered Level 10 of the Dungeon
  3892 | D:9      | Found Peronann's Book Emporium.
  3919 | D:9      | Bought a book of Lightning for 396 gold pieces
  3922 | D:9      | Learned a level 2 spell: Static Discharge
  3928 | D:9      | Learned a level 5 spell: Lightning Bolt
  4076 | D:10     | Reached skill level 1 in Conjurations
  4076 | D:10     | Reached skill level 1 in Air Magic
  4234 | D:10     | Found a staircase to the Orcish Mines.
  4266 | D:10     | Noticed a rakshasa
  4270 | D:10     | Noticed a two-headed ogre
  4271 | D:10     | Noticed a centaur warrior
  4278 | D:10     | Killed a centaur warrior
  4283 | D:10     | Killed a two-headed ogre
  4292 | D:10     | Killed a rakshasa
  4302 | D:10     | Reached skill level 13 in Unarmed Combat
  4328 | D:10     | Found a staircase to the Lair.
  4391 | D:10     | Reached skill level 5 in Air Magic
  4398 | D:10     | Reached skill level 5 in Conjurations
  4434 | D:10     | Reached XP level 12. HP: 73/73 MP: 14/18
  4510 | D:10     | Noticed Psyche
  4520 | D:10     | Killed Psyche
  4577 | Lair:1   | Entered Level 1 of the Lair of Beasts
  4611 | Lair:1   | Identified the +3 scale mail of Joy {rPois Int+4}
  4675 | Lair:1   | Reached skill level 1 in Spellcasting
  4930 | Lair:2   | Noticed an eight-headed hydra
  5135 | Lair:3   | Noticed a seven-headed hydra
  5178 | Lair:3   | Noticed a boulder beetle
  5179 | Lair:3   | Noticed VictoriousLee's ghost (journeyman BaFi)
  5184 | Lair:3   | Killed a seven-headed hydra
  5188 | Lair:3   | Noticed a death yak
  5193 | Lair:3   | Found a runed translucent gate.
  5193 | Lair:3   | Found a runed translucent gate.
  5193 | Lair:3   | Found a runed translucent gate.
  5252 | Lair:2   | Found a staircase to the Swamp.
  5279 | Lair:2   | Killed an eight-headed hydra
  5578 | Lair:3   | Noticed Nergalle
  5626 | Lair:3   | Killed Nergalle
  5688 | Lair:4   | Noticed a six-headed hydra
  5904 | Lair:4   | Reached skill level 10 in Dodging
  5908 | Lair:4   | Found a snail-covered altar of Cheibriados.
  5924 | Lair:4   | Found a staircase to the Snake Pit.
  5937 | Lair:4   | Reached skill level 14 in Unarmed Combat
  5941 | Lair:4   | Reached XP level 13. HP: 64/78 MP: 15/19
  6744 | Lair:6   | Entered Level 6 of the Lair of Beasts
  6841 | Lair:5   | Reached skill level 10 in Air Magic
  6956 | Orc:1    | Entered Level 1 of the Orcish Mines
  6959 | Orc:1    | Reached skill level 10 in Conjurations
  6977 | Orc:2    | Entered Level 2 of the Orcish Mines
  7001 | Orc:1    | Noticed an orc warlord
  7509 | Orc:2    | Slain by an orc knight

Illustrated notes

Levels and vault maps discovered:
D:1:      minmay_arrival_up_and_down, layout_rooms,
          shapermc_ecumenical_altar_mp_highgroup, ebering_dispersal_statue_hall
D:2:      minmay_inner_zag, layout_rooms, uniq_jessica
D:3:      layout_loops_ring, chequers_serial_rivers_small_a, uniq_robin
D:4:      layout_cave_pools, minmay_temple_entry_hall, serial_shops,
          shop_fountains
D:5:      layout_basic, serial_shops, shop, minmay_stone_trees_medium, uniq_ijyb
D:6:      layout_basic, uniq_sigmund, uniq_eustachio
D:7:      layout_basic, enter_ossuary_4, kennysheep_generic_room_3
D:8:      minmay_polygon_palace, layout_basic, serial_shops, shop_scrolls,
          uniq_prince_ribbit1
D:9:      layout_loops_ring, tgw_fedhas, serial_shops, nicolae_shop_stone
D:10:     layout_roguey, erik_lair_island, special_room [special_room_orc],
          fungi_pond_lemuel, uniq_psyche
Temple:   kilobyte_greek_temple
Lair:1:   layout_roguey
Lair:2:   layout_regular_city, skrybe_swamp_entry_bodies,
          infiniplex_staircase_pool_2, lemuel_fruit_fields
Lair:3:   layout_cave_pods, gammafunk_ghost_split, serial_bayou_shore_b,
          uniq_nergalle
Lair:4:   layout_regular_city, guppyfry_snake_entry_island, st_stairs_7,
          kennysheep_snail_temple
Lair:5:   layout_cave_pods, special_room [special_room_mythical_zoo],
          grunt_megastairs_1
Lair:6:   due_jungle_book, layout_hall_layers,
          minmay_slime_entry_oklob_enclosed, kilobyte_rumbling_trees
Orc:1:    layout_caves, minmay_shop_mass
Orc:2:    grunt_orc_community_town_hall, layout_caves,
          grunt_orc_community_big_house_2, grunt_orc_community_big_house_1,
          grunt_orc_community_house_2, grunt_orc_community_house_1,
          grunt_orc_community_house_2, grunt_orc_community_house_3,
          grunt_orc_community_house_1, grunt_orc_community_house_3, basic_altar,
          lightli_orcish_oven

Skill      XL: |  1  2  3  4  5  6  7  8  9 10 11 12 13 |
---------------+----------------------------------------+-----
Unarmed Combat | 4 5 6 7 8 9 10 12 13 14 | 14.6
Invocations    | 1 2 3 5 6 7 8 |  8.4
Dodging        | 4 5 7 8 9 10 | 10.6
Fighting       | 4 5 6 7 8 |  8.0
Conjurations   | 5 8 10 | 10.1
Air Magic      | 5 8 10 | 10.2
Spellcasting   | 2 3 |  3.9
Stealth        | |  2.0

Action                   |  1- 3 |  4- 6 |  7- 9 | 10-12 | 13-15 || total
-------------------------+-------+-------+-------+-------+-------++-------
Melee: Unarmed           |    50 |    80 |   248 |   569 |   317 ||  1264
       Kick              |    16 |    21 |    82 |   175 |    94 ||   388
       Peck              |     5 |    17 |    42 |   112 |    59 ||   235
       Punch             |     2 |       |    11 |    28 |    13 ||    54
Throw: Dart              |       |     3 |     4 |       |       ||     7
       Javelin           |       |       |    24 |    12 |       ||    36
 Cast: Static Discharge  |       |       |       |    16 |    16 ||    32
Invok: Stomp             |       |       |    15 |    18 |    22 ||    55
       Grand Finale      |       |       |       |       |     1 ||     1
Evoke: Wand              |       |       |    11 |    45 |    24 ||    80
  Use: Scroll            |       |       |     7 |     3 |     2 ||    12
       Potion            |       |       |     1 |     2 |     3 ||     6
 Stab: Sleeping          |     5 |     3 |       |     2 |       ||    10
       Paralysed         |       |     3 |     9 |    35 |    16 ||    63
       Distracted        |       |       |       |     1 |       ||     1
Armor: Robe              |     3 |       |       |       |       ||     3
       Ring mail         |     7 |    18 |    49 |    15 |       ||    89
       Steam dragon scal |       |       |       |    17 |       ||    17
       Troll leather arm |       |       |       |    51 |       ||    51
       Scale mail        |       |       |       |    57 |   110 ||   167
Dodge: Dodged            |    18 |    40 |   138 |   371 |   195 ||   762
